Map: Echo LE (Void)

Players

Maru - Winner!

  • Race: Terran Terran
  • League: Diamond
  • Spawn Location: 5:00

ShoWTimE

  • Race: Protoss Protoss
  • Spawn Location: 11:00

VOD

https://youtu.be/LX27eccwfbw

Description

TvP marine mine drop into liberator. Safety tank, 3-rax 3rd CC followup

Time

  • Played on: Jan. 15, 2017, 2:27 p.m.
  • Length: 10:45
Show
View Real Time Build Order
Export as new Build Order

Maru Terran - Winner!

Build Orders: Liberator Opening, Reaper Expand, MMM Bio 

Get SALT Encoding   

  12  0:00  SCV  
  13  0:12  SCV  
  14  0:17  Supply Depot  
  14  0:24  SCV  
  14  0:27  Refinery  
  15  0:38  SCV  
  16  0:44  Barracks  
  16  0:50  SCV  
  17  1:03  SCV  
  18  1:16  SCV  
  19  1:32  Orbital Command, Reaper  
  20  1:43  Command Center  
  20  1:54  Factory  
  20  1:57  SCV  
  21  2:03  Refinery  
  21  2:07  Barracks Reactor  
  21  2:09  SCV  
  21  2:14  Supply Depot  
  22  2:21  SCV  
  23  2:36  SCV  
  24  2:39  Starport  
  24  2:40  Widow Mine  
  26  2:44  Marine  
  26  2:45  Marine  
  26  2:48  SCV  
  29  2:55  Orbital Command  
  29  3:02  Marine x2  
  29  3:03  SCV  
  31  3:09  Widow Mine  
  33  3:15  Medivac, SCV  
  36  3:20  Marine x2, SCV  
  39  3:27  SCV  
  39  3:29  Liberator  
  39  3:30  Supply Depot  
  40  3:35  SCV  
  40  3:36  Barracks  
  40  3:38  Factory Tech Lab  
  41  3:43  SCV  
  45  3:50  SCV  
  45  3:53  Supply Depot  
  45  3:55  SCV  
  47  3:58  Siege Tank  
  47  3:59  Marine  
  47  4:01  Marine  
  52  4:06  SCV  
  52  4:07  SCV  
  54  4:10  Barracks  
  54  4:18  SCV  
  54  4:19  SCV  
  56  4:24  Barracks Tech Lab, Refinery  
  56  4:30  SCV  
  58  4:31  SCV  
  58  4:37  Marine x2  
  55  4:42  SCV  
  55  4:43  SCV  
  55  4:44  Marine  
  56  4:45  Supply Depot  
  56  4:46  Stimpack  
  56  4:52  Engineering Bay  
  56  4:54  SCV  
  56  4:55  Marine, SCV  
  59  5:02  Marine x2  
  59  5:03  Factory Reactor, Starport Reactor  
  59  5:06  SCV  
  62  5:13  SCV  
  62  5:14  Supply Depot  
  60  5:18  Supply Depot, Marauder, SCV  
  60  5:19  Combat Shields  
  60  5:20  Marine  
  60  5:21  Marine, Marauder  
  67  5:23  Terran Infantry Weapons Level 1  
  67  5:28  Supply Depot  
  66  5:39  SCV  
  66  5:40  Medivac x2  
  66  5:42  Refinery  
  71  5:43  Widow Mine x2  
  71  5:45  Marine x2  
  71  5:47  Marauder  
  79  5:50  Marauder  
  79  5:51  Supply Depot  
  79  5:52  SCV x2  
  83  5:59  Missile Turret  
  83  6:04  Marine, SCV  
  84  6:06  Marine  
  84  6:09  Marauder  
  88  6:11  Marauder  
  88  6:12  Supply Depot  
  90  6:23  Widow Mine x2, Medivac  
  90  6:24  Medivac  
  98  6:26  Supply Depot  
  98  6:33  Marauder  
  98  6:34  Marauder  
  98  6:35  Supply Depot  
  102  6:44  Marine x2, Concussive Shells  
  104  7:00  Command Center  
  97  7:02  Marine  
  97  7:03  Marine, Marauder x2  
  97  7:07  Medivac  
  100  7:14  SCV x2  
  100  7:17  Terran Infantry Armor Level 1  
  95  7:25  Widow Mine  
  95  7:26  SCV x2  
  95  7:28  Barracks x2  
  96  7:33  Marauder x2  
  99  7:43  Marine x2  
  95  7:49  Medivac x2  
  99  7:54  Widow Mine x2, Marauder  
  99  7:55  Marauder  
  106  8:04  SCV x2  
  108  8:11  Marine  
  108  8:16  SCV, Marauder x2  
  110  8:20  Barracks Tech Lab  
  110  8:23  Armory  
  110  8:25  Marine, Barracks Reactor, Engineering Bay  
  111  8:29  SCV x2  
  111  8:33  Orbital Command  
  113  8:37  Marauder x2  
  113  8:41  SCV  
  116  8:42  Medivac x2  
  119  8:53  Marine, Marauder  
  111  8:58  Marine, SCV x2  
  111  8:59  SCV, Marauder x2  
  111  9:02  Refinery x2  
  119  9:04  Widow Mine x2  
  123  9:10  SCV x2  
  123  9:11  Supply Depot x2, SCV  
  123  9:12  Medivac x2  
  130  9:17  Marine x2  
  130  9:18  Marauder  
  130  9:22  SCV  
  130  9:23  SCV  
  136  9:27  Supply Depot  
  136  9:28  Marine, Marauder x2  
  136  9:29  Supply Depot  
  141  9:35  Marine  
  141  9:36  Widow Mine x2, Marine x2  
  148  9:39  Marauder  
  148  9:40  SCV  
  148  9:41  Starport, Supply Depot  
  151  9:45  Marine  
  151  9:50  Marauder  
  151  9:51  Medivac  
  156  9:55  Marine  
  156  9:56  Marauder  
  159  10:01  Marauder  
  161  10:07  Marine  
  161  10:11  Marine x2, Marauder  
  151  10:14  Marine  
  151  10:17  Marauder  
  158  10:22  Marauder  
  158  10:25  Marine  
  158  10:28  Starport Reactor  
Show
View Real Time Build Order
Export as new Build Order

ShoWTimE Protoss 

Build Orders: 1 Gate Expand, Colossus Rush 

Get SALT Encoding   

  12  0:00  Probe (Chrono Boost)  
  13  0:11  Probe (Chrono Boost)  
  14  0:17  Pylon  
  14  0:22  Probe (Chrono Boost)  
  15  0:35  Probe (Chrono Boost)  
  16  0:37  Gateway  
  16  0:42  Assimilator  
  16  0:47  Probe (Chrono Boost)  
  17  0:57  Probe (Chrono Boost)  
  18  1:08  Probe (Chrono Boost)  
  19  1:22  Nexus  
  19  1:23  Probe (Chrono Boost)  
  20  1:32  Cybernetics Core  
  20  1:36  Probe (Chrono Boost)  
  21  1:42  Assimilator  
  21  1:46  Probe (Chrono Boost)  
  22  1:51  Pylon  
  22  1:57  Probe (Chrono Boost)  
  23  2:06  Warp Gate  
  23  2:10  Mothership Core (Chrono Boost)  
  27  2:20  Adept  
  27  2:28  Probe (Chrono Boost)  
  28  2:34  Probe (Chrono Boost)  
  29  2:39  Probe (Chrono Boost)  
  29  2:43  Robotics Facility  
  30  2:45  Probe (Chrono Boost)  
  30  2:49  Adept  
  30  2:51  Probe (Chrono Boost)  
  34  2:55  Probe (Chrono Boost)  
  35  3:03  Probe (Chrono Boost)  
  36  3:06  Probe (Chrono Boost)  
  36  3:10  Gateway  
  36  3:11  Gateway  
  37  3:15  Probe (Chrono Boost)  
  37  3:16  Probe (Chrono Boost)  
  37  3:18  Assimilator  
  39  3:22  Assimilator  
  40  3:27  Observer, Probe (Chrono Boost)  
  40  3:28  Probe (Chrono Boost)  
  40  3:29  Pylon  
  42  3:39  Probe (Chrono Boost)  
  42  3:40  Probe (Chrono Boost)  
  44  3:46  Robotics Bay  
  44  3:47  Observer  
  44  3:49  Pylon  
  44  3:51  Probe (Chrono Boost)  
  44  3:53  Probe (Chrono Boost)  
  48  4:03  Probe (Chrono Boost)  
  48  4:04  Probe (Chrono Boost)  
  48  4:06  Observer  
  48  4:08  Stalker  
  48  4:09  Stalker  
  54  4:14  Probe (Chrono Boost)  
  54  4:15  Probe (Chrono Boost)  
  54  4:16  Stalker  
  58  4:23  Pylon  
  58  4:24  Observer  
  58  4:25  Probe (Chrono Boost)  
  58  4:29  Probe (Chrono Boost)  
  59  4:35  Probe (Chrono Boost)  
  56  4:43  Colossus  
  62  4:54  Probe x2 (Chrono Boost)  
  63  5:02  Stalker  
  64  5:07  Adept  
  64  5:14  Probe (Chrono Boost)  
  64  5:17  Probe (Chrono Boost)  
  64  5:19  Extended Thermal Lance  
  64  5:20  Pylon  
  65  5:26  Probe (Chrono Boost)  
  67  5:29  Probe (Chrono Boost)  
  67  5:35  Colossus  
  67  5:38  Probe (Chrono Boost)  
  74  5:51  Pylon  
  74  5:52  Probe x2 (Chrono Boost)  
  74  5:54  Sentry  
  74  5:55  Pylon  
  78  6:08  Nexus  
  80  6:12  Probe x2 (Chrono Boost)  
  80  6:15  Twilight Council  
  81  6:25  Colossus  
  81  6:26  Probe (Chrono Boost)  
  81  6:27  Probe (Chrono Boost)  
  81  6:28  Sentry, Gateway  
  83  6:37  Pylon  
  89  6:40  Blink  
  89  6:42  Probe (Chrono Boost)  
  90  6:48  Pylon  
  90  6:49  Adept x2  
  94  6:59  Probe (Chrono Boost)  
  96  7:01  Probe (Chrono Boost)  
  94  7:12  Pylon  
  94  7:14  Pylon, Stalker  
  94  7:15  Stalker x2  
  98  7:20  Colossus  
  98  7:21  Probe (Chrono Boost)  
  105  7:26  Probe (Chrono Boost)  
  105  7:28  Probe (Chrono Boost)  
  103  7:36  Adept  
  103  7:42  Probe (Chrono Boost)  
  103  7:43  Pylon  
  102  7:48  Probe (Chrono Boost)  
  102  7:49  Pylon, Probe (Chrono Boost)  
  104  7:52  Adept x2  
  104  7:57  Adept  
  108  8:04  Probe x2 (Chrono Boost)  
  108  8:12  Forge  
  108  8:13  Probe (Chrono Boost)  
  108  8:19  Stalker  
  105  8:21  Adept  
  105  8:24  Probe (Chrono Boost)  
  105  8:25  Probe (Chrono Boost)  
  105  8:26  Probe (Chrono Boost)  
  106  8:34  Adept  
  106  8:35  Adept, Probe (Chrono Boost)  
  106  8:38  Probe (Chrono Boost)  
  106  8:39  Probe (Chrono Boost)  
  110  8:43  Pylon  
  110  8:46  Stalker x2  
  110  8:47  Probe (Chrono Boost)  
  115  8:50  Protoss Ground Weapons Level 1  
  115  8:56  Stalker  
  115  9:02  Mothership Core (Chrono Boost)  
  120  9:03  Assimilator, Probe (Chrono Boost)  
  120  9:05  Assimilator, Adept  
  120  9:08  Disruptor  
  125  9:16  Pylon x2  
  125  9:18  Pylon  
  125  9:24  Gateway  
  125  9:26  Gateway  
  125  9:33  Pylon  
  125  9:34  Adept, Sentry  
  125  9:35  Adept x2  
  133  9:38  Dark Shrine  
  133  9:41  Pylon  
  133  9:42  Photon Cannon  
  133  9:46  Disruptor  
  138  9:52  Probe (Chrono Boost)  
  138  9:54  Probe (Chrono Boost)  
  138  9:55  Gateway  
  138  9:57  Adept  
  138  9:58  Adept  
  142  10:00  Sentry  
  144  10:08  Adept  
  121  10:19  Adept x2  
  117  10:25  Adept  
  115  10:29  Adept  
Tags
 
Add a new tag
Caveats
  • Supply blocks, unpowered buildings, or Contaminate may cause inaccurate times.
  • Supply counts are checked every 10 seconds.